 Dungeon Crawl Stone Soup version 0.30.0-15-g856e2d3f33 (webtiles) character file.

Game seed: 4580905787481536913

8008 qw the Cleaver (level 11, -1/72 HPs)
             Began as a Gargoyle Cinder Acolyte on May 18, 2023.
             Was an Initiate of Ignis.
             Slain by a yak (5 damage)
             ... on level 1 of the Lair of Beasts.
             The game lasted 00:04:08 (9081 turns).

qw the Cleaver (Gargoyle Cinder Acolyte)            Turns: 9081, Time: 00:04:09

Health: -1/72      AC: 19    Str: 23    XL:     11   Next: 24%
Magic:  0/12       EV:  8    Int: 14    God:    Ignis [......]
Gold:   394        SH:  0    Dex:  5    Spells: 12/12 levels left

rFire   + + .        Y - +2 war axe (elec)
rCold   + + +        (no shield)
rNeg    + . .        l - +0 chain mail
rPois   inf          a - +0 helmet
rElec   +            (no cloak)
rCorr   .            (no gloves)
SInv    .            (no boots)
Will    .....        m - amulet of guardian spirit Stlth
                     d - ring of protection from cold
HPRegen 0.32/turn    f - ring "Divoe" {Wiz rF+ rC++}
MPRegen 0.13/turn

%: guardian spirit, wizardry (x1)
@: about to teleport
A: sickness immunity, AC +8, negative energy resistance 1, electricity
resistance, torment resistance 1, petrification resistance, deterioration 1,
sense surroundings 1
a: Renounce Religion, Rising Flame


You were on level 1 of the Lair of Beasts.
You worshipped Ignis.
Ignis was noncommittal.
You visited 2 branches of the dungeon, and saw 10 of its levels.

You collected 534 gold pieces.
You spent 140 gold pieces at shops.


Innate Abilities, Weirdness & Mutations

You are immune to sickness and miasma.
Your stone body is resilient. (AC +8)
You are immune to poison.
You resist negative energy. (rN+)
You are resistant to electric shocks. (rElec)
You are resistant to unholy torment.
You are immune to petrification.
Your body sometimes deteriorates upon taking damage.
You passively map a small area around you.


   Skills:
 - Level 10.0 Fighting
 + Level 12.2 Axes
 - Level 2.1 Throwing
 - Level 6.4 Armour
 - Level 1.5 Dodging
 - Level 1.0 Spellcasting
 - Level 3.0 Fire Magic


You had 12 spell levels left.
You didn't know any spells.
Your spell library contained the following spells:

 Spells                   Type           Power      Damage    Failure   Level
 Scorch                   Fire           18%        2d5       24%         2

Inventory:

Hand Weapons
 b - a -1 hand axe of flaming
 Y - a +2 war axe of electrocution (weapon)
Missiles
 o - 3 boomerangs (quivered)
Armour
 a - a +0 helmet (worn)
 l - a +0 chain mail (worn)
Jewellery
 d - a ring of protection from cold (left hand)
 f - the ring "Divoe" (right hand) {Wiz rF+ rC++}
   (You found it on level 5 of the Dungeon)

   [ring of wizardry]

   It improves your spell success rate.
   rF:        It protects you from fire.
   rC:        It greatly protects you from cold.
 m - an amulet of guardian spirit (around neck)
Scrolls
 c - a scroll of identify
 q - 2 scrolls of teleportation
Potions
 e - 8 potions of curing
 g - 2 potions of haste
 i - 3 potions of mutation
 j - a potion of cancellation
 n - a potion of berserk rage {unknown}
 r - a potion of magic {unknown}
 s - a potion of resistance {unknown}

Dungeon Overview and Level Annotations

Branches:
Dungeon (9/15)             Temple (0/1) D:6            Lair (1/5) D:9
    Orc: D:9-12

Altars:
Dithmenos
Kikubaaqudgha
Okawaru

Shops:
D:3 !   D:4 *   D:7 (

Annotations:
D:7 1 runed translucent door, Avernum's ghost, novice OgBe


Message History

You closely miss the blink frog.
The blink frog is heavily wounded.
You hit the cane toad but do no damage.
Lightning courses through the cane toad!
You slash the blink frog! You hit the blink frog.
The blink frog blinks!
The blink frog barely misses you. The cane toad stings you.
You slice the cane toad!!
You kill the cane toad!
You slash the blink frog! You barely miss the blink frog.
You hit the blink frog.
Your surroundings seem slightly different.
The blink frog blinks!
You feel your strength returning.
You are too injured to fight recklessly!
9077 ||| READING 4 scrolls of teleportation.
As you read the scroll of teleportation, it crumbles to dust.
You feel strangely unstable.
You miss the blink frog.
The blink frog is heavily wounded.
The blink frog hits you but does no damage.
The blink frog blinks!
You barely miss the blink frog.
The blink frog is heavily wounded.
You slash the blink frog!
The blink frog hits you but does no damage.
The blink frog barely misses you.
The blink frog hits you but does no damage.
You miss the blink frog.
The blink frog is severely wounded.
You hit the blink frog. You closely miss the blink frog.
Your surroundings suddenly seem different. 3 yaks come into view.
The yak bellows! x3
The yak gores you!
9081 ||| READING 3 scrolls of teleportation.
As you read the scroll of teleportation, it crumbles to dust.
You feel strangely unstable. The yak gores you but does no damage.
The yak gores you.
You die...

.......... , , ,
......###. ....
........# , ....
.....#.... , , ....., ,
.......... ,*, * ##.....
..####.....######.......
### #................. ,
. ,........YYY...... ,,
## * * #@# ###


You could see 3 yaks.

Vanquished Creatures
  A black mamba (Lair:1)
  2 cane toads (Lair:1)
  An unseen horror zombie (D:8)
  3 blink frogs (Lair:1)
  A shadow (D:9)
  A wraith (D:9)
  A wyvern (D:8)
  A basilisk (Lair:1)
  15 yaks
  4 water moccasins
  2 ice beasts
  A black bear (D:6)
  3 ogres
  2 centaurs
  2 phantoms (D:5)
  6 bullfrogs
  3 scorpions
  8 wights
  6 killer bees (D:9)
  3 howler monkeys (D:8)
  3 orc priests
  7 hounds
  3 jellies
  3 sleepcaps
  A gnoll bouda (D:7)
  4 iguanas
  3 orc wizards
  A killer bee zombie (D:8)
  A howler monkey zombie (D:8)
  5 gnolls
  8 adders
  An ufetubus (D:5)
  5 worms
  4 dart slugs
  12 orcs
  7 endoplasms
  4 giant cockroaches
  5 hobgoblins
  A jackal (D:5)
  5 quokkas
  4 ball pythons
  5 bats (D:1)
  5 frilled lizards
  6 goblins
  3 kobolds
  2 rats (D:1)
174 creatures vanquished.

Notes
Turn   | Place    | Note
-------+----------+-------------------------------------------
     0 | D:1      | qw the Gargoyle Cinder Acolyte began the quest for the Orb.
     0 | D:1      | Reached XP level 1. HP: 14/14 MP: 2/2
     0 | D:1      | 0 ||| qw: Version: 0.2-a-95-gc95f03d
     0 | D:1      | 0 ||| qw: Game counter: 20
     0 | D:1      | 0 ||| qw: Always use a shield: true
     0 | D:1      | 0 ||| qw: God list: Okawaru
     0 | D:1      | 0 ||| qw: Allow faded altars: false
     0 | D:1      | 0 ||| qw: Do Orc after D:15 true
     0 | D:1      | 0 ||| qw: Do second Lair branch before Depths: true
     0 | D:1      | 0 ||| qw: Lair rune preference: random
     0 | D:1      | 0 ||| qw: Plans: Normal
     0 | D:1      | 0 ||| PLANNING D:1-11
    25 | D:1      | 25 ||| Stepping ~*~*~tactically~*~*~ (hiding).
    30 | D:1      | 30 ||| Stepping ~*~*~tactically~*~*~ (stealth).
    41 | D:1      | 41 ||| INVOKING Fiery Armour.
    41 | D:1      | HP: 3/14 [goblin/+0 club (1)]
    44 | D:1      | 44 ||| Stepping ~*~*~tactically~*~*~ (stealth).
    45 | D:1      | 45 ||| Stepping ~*~*~tactically~*~*~ (stealth).
   124 | D:1      | Reached skill level 3 in Axes
   162 | D:1      | Reached XP level 2. HP: 19/19 MP: 3/3
   446 | D:1      | 446 ||| INVOKING Fiery Armour.
   446 | D:1      | HP: 4/19 [gnoll/+0 club (3)]
   447 | D:1      | Reached XP level 3. HP: 5/23 MP: 4/4
   526 | D:1      | Found a faded altar of an unknown god.
   576 | D:1      | 576 ||| Stepping ~*~*~tactically~*~*~ (stealth).
   583 | D:1      | Reached skill level 4 in Axes
  1045 | D:1      | 1045 ||| UPGRADING to +0 ring mail.
  1055 | D:1      | 1055 ||| DROPPING +0 robe.
  1056 | D:1      | 1056 ||| READING scroll labelled JIESSIOJAI.
  1061 | D:1      | 1061 ||| READING scroll labelled HIANNEI XEHU.
  1062 | D:1      | 1062 ||| READING scroll labelled NOYJIA UBBIDUXIS.
  1063 | D:1      | 1063 ||| DRINKING 3 ruby potions.
  1144 | D:2      | Reached skill level 1 in Armour
  1380 | D:2      | 1380 ||| Stepping ~*~*~tactically~*~*~ (stealth).
  1381 | D:2      | 1381 ||| Stepping ~*~*~tactically~*~*~ (stealth).
  1438 | D:2      | Reached XP level 4. HP: 24/28 MP: 5/5
  1648 | D:2      | 1648 ||| DROPPING orb of energy.
  1649 | D:2      | 1649 ||| READING 3 scrolls labelled DAZUENW BIJAY.
  1650 | D:2      | 1650 ||| DRINKING 2 silvery potions.
  1650 | D:2      | Gained mutation: Your magical capacity is low. (-10% MP)
                  | [potion of mutation]
  1650 | D:2      | Gained mutation: Your body sometimes deteriorates upon
                  | taking damage. [potion of mutation]
  1650 | D:2      | Lost mutation: Your magical capacity is low. (-10% MP)
                  | [potion of mutation]
  1650 | D:2      | Gained mutation: You passively map a small area around you.
                  | [potion of mutation]
  1662 | D:2      | 1662 ||| READING 2 scrolls of identify.
  1662 | D:2      | 1662 ||| IDENTIFYING emerald potion
  1663 | D:2      | 1663 ||| DROPPING 2 scrolls of poison.
  1664 | D:2      | 1664 ||| DROPPING potion of brilliance.
  1782 | D:3      | Found a shadowy altar of Dithmenos.
  1903 | D:3      | Reached skill level 1 in Throwing
  2210 | D:3      | 2210 ||| Stepping ~*~*~tactically~*~*~ (hiding).
  2541 | D:3      | Found Tedwus's Distillery.
  2546 | D:3      | 2546 ||| BUYING potion of curing (30 gold).
  2546 | D:3      | Bought a potion of curing for 30 gold pieces
  2546 | D:3      | 2546 ||| BUYING potion of curing (30 gold).
  2546 | D:3      | Bought a potion of curing for 30 gold pieces
  2546 | D:3      | 2546 ||| SHOPLISTING potion of haste (100 gold, have 81).
  2546 | D:3      | 2546 ||| BUYING potion of mutation (80 gold).
  2546 | D:3      | Bought a potion of mutation for 80 gold pieces
  2556 | D:3      | 2556 ||| DROPPING +0 ring mail of poison resistance.
  2557 | D:3      | 2557 ||| UPGRADING to +0 scale mail.
  2567 | D:3      | 2567 ||| DROPPING +0 ring mail.
  2568 | D:3      | 2568 ||| READING scroll labelled QANOAMI RIZA.
  2569 | D:3      | 2569 ||| READING scroll labelled PUG JEHUFFIZIS.
  2591 | D:4      | Noticed a bullfrog
  2595 | D:4      | 2595 ||| STAIRDANCE
  2600 | D:3      | 2600 ||| INVOKING Fiery Armour.
  2601 | D:3      | Killed a bullfrog
  2602 | D:3      | Reached skill level 5 in Axes
  2602 | D:3      | Reached XP level 5. HP: 16/32 MP: 6/6
  2708 | D:4      | 2708 ||| Stepping ~*~*~tactically~*~*~ (stealth).
  2814 | D:4      | Found Jebudi's Fire Supplies.
  2820 | D:4      | 2820 ||| SHOPLISTING ring of protection from fire (300
                  | gold, have 10).
  3278 | D:4      | Reached XP level 6. HP: 32/38 MP: 7/7
  3544 | D:4      | 3544 ||| DROPPING amulet of magic regeneration.
  3545 | D:4      | 3545 ||| UPGRADING to ring of protection from cold.
  3546 | D:4      | 3546 ||| READING scroll labelled IQEGUF SYAN.
  3547 | D:4      | 3547 ||| DRINKING 3 smoky sapphire potions.
  3548 | D:4      | 3548 ||| READING 2 scrolls of identify.
  3548 | D:4      | 3548 ||| IDENTIFYING golden potion
  3549 | D:4      | 3549 ||| DROPPING 2 potions of attraction.
  3612 | D:5      | Entered Level 5 of the Dungeon
  3674 | D:5      | 3674 ||| INVOKING Fiery Armour.
  3675 | D:5      | HP: 2/38 [ogre/+0 giant spiked club (18)]
  3676 | D:5      | 3676 ||| READING scroll of teleportation.
  3858 | D:5      | Noticed an ice beast
  3873 | D:5      | 3873 ||| INVOKING Fiery Armour.
  3874 | D:5      | Killed an ice beast
  3875 | D:5      | Reached skill level 6 in Axes
  3876 | D:5      | Reached XP level 7. HP: 21/43 MP: 8/8
  4021 | D:5      | Found an iron altar of Okawaru.
  4250 | D:5      | Reached skill level 7 in Axes
  4262 | D:5      | 4262 ||| INVOKING Fiery Armour.
  4407 | D:5      | Identified the ring "Divoe" {Wiz rF+ rC++}
  4470 | D:5      | Reached XP level 8. HP: 49/49 MP: 9/9
  4502 | D:5      | 4502 ||| UPGRADING to +0 helmet.
  4507 | D:5      | 4507 ||| UPGRADING to +0 chain mail.
  4517 | D:5      | 4517 ||| DROPPING +0 scale mail.
  4518 | D:5      | 4518 ||| UPGRADING to ring "Divoe" {Wiz rF+ rC++}.
  4519 | D:5      | 4519 ||| DROPPING ring of ice.
  4520 | D:5      | 4520 ||| READING scroll labelled PYAXZEZEME.
  4521 | D:5      | 4521 ||| READING 2 scrolls of identify.
  4521 | D:5      | 4521 ||| IDENTIFYING fizzy pink potion
  4522 | D:5      | 4522 ||| DROPPING potion of ambrosia.
  4525 | D:5      | 4525 ||| STAIRDANCE
  4632 | D:5      | 4632 ||| Stepping ~*~*~tactically~*~*~ (stealth).
  4668 | D:5      | Reached skill level 3 in Armour
  4820 | D:5      | 4820 ||| STAIRDANCE
  5032 | D:5      | 5032 ||| SWAPPING to +2 war axe of electrocution.
  5087 | D:5      | Reached skill level 8 in Axes
  5114 | D:5      | 5114 ||| READING scroll labelled ZAISIANLUA.
  5115 | D:5      | 5115 ||| READING scroll labelled GAC ATUAZALAB.
  5116 | D:5      | 5116 ||| READING 2 scrolls of identify.
  5116 | D:5      | 5116 ||| IDENTIFYING clear potion
  5117 | D:5      | 5117 ||| DROPPING potion of flight.
  5398 | D:6      | Found a staircase to the Ecumenical Temple.
  5403 | D:6      | Reached skill level 6 in Fighting
  5552 | D:6      | Found an ancient bone altar of Kikubaaqudgha.
  5638 | D:6      | 5638 ||| Stepping ~*~*~tactically~*~*~ (stealth).
  5640 | D:6      | 5640 ||| Stepping ~*~*~tactically~*~*~ (stealth).
  5648 | D:6      | 5648 ||| Stepping ~*~*~tactically~*~*~ (stealth).
  6048 | D:7      | Reached XP level 9. HP: 53/55 MP: 10/10
  6203 | D:7      | 6203 ||| INVOKING Fiery Armour.
  6343 | D:7      | 6343 ||| Stepping ~*~*~tactically~*~*~ (hiding).
  6344 | D:7      | 6344 ||| Stepping ~*~*~tactically~*~*~ (hiding).
  6346 | D:7      | 6346 ||| INVOKING Fiery Armour.
  6350 | D:7      | Reached skill level 9 in Axes
  6435 | D:7      | 6435 ||| Stepping ~*~*~tactically~*~*~ (stealth).
  6438 | D:7      | 6438 ||| Stepping ~*~*~tactically~*~*~ (hiding).
  6439 | D:7      | 6439 ||| Stepping ~*~*~tactically~*~*~ (hiding).
  6845 | D:7      | Found Qaschi's Antique Weapon Emporium.
  6858 | D:7      | 6858 ||| UPGRADING to amulet of guardian spirit.
  6976 | D:7      | Found a runed translucent door.
  6991 | D:7      | Noticed Avernum's ghost (novice OgBe)
  7090 | D:8      | 7090 ||| Stepping ~*~*~tactically~*~*~ (hiding).
  7092 | D:8      | 7092 ||| Stepping ~*~*~tactically~*~*~ (stealth).
  7094 | D:8      | 7094 ||| Stepping ~*~*~tactically~*~*~ (hiding).
  7102 | D:8      | 7102 ||| INVOKING Fiery Armour.
  7109 | D:8      | Reached skill level 10 in Axes
  7114 | D:8      | Reached skill level 1 in Dodging
  7345 | D:8      | 7345 ||| READING 2 scrolls of identify.
  7345 | D:8      | 7345 ||| IDENTIFYING blue potion
  7351 | D:8      | 7351 ||| Stepping ~*~*~tactically~*~*~ (hiding).
  7352 | D:8      | 7352 ||| Stepping ~*~*~tactically~*~*~ (hiding).
  7359 | D:8      | Reached XP level 10. HP: 52/63 MP: 8/11
  7487 | D:8      | 7487 ||| INVOKING Fiery Armour.
  7491 | D:8      | 7491 ||| DRINKING 8 potions of curing.
  7491 | D:8      | 7491 ||| (to cure confusion)
  7818 | D:8      | 7818 ||| Stepping randomly (stuck).
  7874 | D:9      | 7874 ||| Stepping ~*~*~tactically~*~*~ (stealth).
  7875 | D:9      | 7875 ||| Stepping ~*~*~tactically~*~*~ (stealth).
  7877 | D:9      | 7877 ||| Stepping ~*~*~tactically~*~*~ (stealth).
  7879 | D:9      | 7879 ||| Stepping ~*~*~tactically~*~*~ (stealth).
  7892 | D:9      | 7892 ||| INVOKING Fiery Armour.
  7898 | D:9      | Reached skill level 11 in Axes
  7903 | D:9      | Reached skill level 9 in Fighting
  7909 | D:9      | Reached skill level 6 in Armour
  7981 | D:9      | 7981 ||| Stepping ~*~*~tactically~*~*~ (stealth).
  8207 | D:9      | Found a staircase to the Lair.
  8209 | D:9      | 8209 ||| Stepping ~*~*~tactically~*~*~ (stealth).
  8236 | D:9      | 8236 ||| Stepping ~*~*~tactically~*~*~ (stealth).
  8322 | D:9      | 8322 ||| INVOKING Fiery Armour.
  8371 | D:9      | 8371 ||| READING scroll labelled HAHAIQ DOULA.
  8372 | D:9      | 8372 ||| Stepping randomly (disturbance).
  8373 | D:9      | 8373 ||| Stepping randomly (disturbance).
  8723 | D:9      | 8723 ||| PLANNING LAIR
  8723 | D:9      | 8723 ||| READING 3 scrolls of identify.
  8723 | D:9      | 8723 ||| IDENTIFYING sapphire potion
  8724 | D:9      | 8724 ||| READING 2 scrolls of identify.
  8724 | D:9      | 8724 ||| IDENTIFYING black potion
  8725 | D:9      | 8725 ||| DROPPING potion of invisibility.
  8755 | Lair:1   | Entered Level 1 of the Lair of Beasts
  8762 | Lair:1   | 8762 ||| Stepping ~*~*~tactically~*~*~ (stealth).
  8773 | Lair:1   | Noticed a cane toad
  8780 | Lair:1   | Killed a cane toad
  8781 | Lair:1   | Reached skill level 12 in Axes
  8781 | Lair:1   | Reached XP level 11. HP: 39/71 MP: 7/12
  8784 | Lair:1   | 8784 ||| INVOKING Fiery Armour.
  9062 | Lair:1   | HP: 12/72 [black mamba (8)]
  9063 | Lair:1   | 9063 ||| READING 6 scrolls of teleportation.
  9064 | Lair:1   | 9064 ||| DRINKING 2 potions of heal wounds.
  9070 | Lair:1   | HP: 18/72 [cane toad (13)]
  9071 | Lair:1   | 9071 ||| READING 5 scrolls of teleportation.
  9071 | Lair:1   | HP: 7/72 [cane toad (11)]
  9072 | Lair:1   | 9072 ||| DRINKING potion of heal wounds.
  9077 | Lair:1   | 9077 ||| READING 4 scrolls of teleportation.
  9080 | Lair:1   | HP: 4/72 [yak (8)]
  9081 | Lair:1   | 9081 ||| READING 3 scrolls of teleportation.
  9081 | Lair:1   | Slain by a yak

Levels and vault maps discovered:
D:1:      minmay_arrival_four_loops, layout_loops_ring,
          chequers_ecumenical_altar_island, minmay_misc_feat_secret_circle
D:2:      layout_loops_ring
D:3:      layout_loops_cross, nicolae_dithmenos_the_darkroom, serial_shops,
          nicolae_shop_hallway_plus, kennysheep_donut, supply_closet_lemuel
D:4:      nicolae_cairo_tiling_large, layout_rooms, nicolae_shop_fire_sale
          [nicolae_sub_dead_trees], nicolae_hexahallways, serial_bayou_crossing
D:5:      minmay_razor_zed, layout_basic, mainiacjoe_overflow_24_doors,
          minmay_crossroads
D:6:      layout_basic, mainiacjoe_overflow_alcove_4,
          minmay_temple_entry_large_hall, kennysheep_cross_room
D:7:      layout_loops_ring, ebering_ghost_reflecting_pool, serial_shops,
          nicolae_shop_hallway_stairs, chequers_serial_rivers_small_b
D:8:      layout_cave_pools, serial_undead, serial_undead_b, serial_undead_c,
          serial_undead_b, serial_undead_d, minmay_misc_feat_x
D:9:      layout_long_grid, dpeg_oklobed_lair
Lair:1:   layout_regular_city, beast_lair_carwin_7, grunt_megastairs_5

Skill      XL: |  1  2  3  4  5  6  7  8  9 10 11 |
---------------+----------------------------------+-----
Axes           | 3 4 5 6 7 8 10 12 | 12.2
Armour         | 1 2 4 5 6 |  6.4
Throwing       | 1 2 |  2.1
Fighting       | 4 5 6 7 9 10 | 10.0
Dodging        | 1 |  1.5
Spellcasting   | |  1.0
Fire Magic     | |  3.0

Action                     |  1- 3 |  4- 6 |  7- 9 | 10-12 || total
---------------------------+-------+-------+-------+-------++-------
  Melee: Hand axe          |   119 |   113 |   116 |       ||   348
         War axe           |       |       |   146 |   121 ||   267
         Punch             |       |       |     4 |       ||     4
  Throw: Javelin           |     1 |    21 |    17 |       ||    39
         Boomerang         |       |     1 |    39 |    41 ||    81
 Invoke: Fiery Armour      |     2 |     3 |     4 |     4 ||    13
    Use: Scroll            |     3 |     7 |     6 |     7 ||    23
         Potion            |     1 |     2 |       |     3 ||     6
 Armour: Robe              |    29 |       |       |       ||    29
         Ring mail         |    25 |     5 |       |       ||    30
         Scale mail        |       |    44 |    17 |       ||    61
         Chain mail        |       |       |   176 |    94 ||   270
  Dodge: Dodged            |    59 |    60 |   104 |    49 ||   272

Table legend:
 A = Non-vault XP
 B = Vault XP
 C = Vault XP percentage of total XP
 D = Non-vault monster count
 E = Vault monster count
 F = Vault count percentage of total count
                 A         B        C        D         E       F
            +---------+---------+-------+---------+---------+-------
      Total |   10053 |    1388 |  12.1 |     152 |      22 |  12.6
            +---------+---------+-------+---------+---------+-------
        D:1 |      63 |       0 |   0.0 |      30 |       0 |   0.0
        D:2 |      29 |       0 |   0.0 |       4 |       0 |   0.0
        D:3 |     146 |       0 |   0.0 |      14 |       0 |   0.0
        D:4 |      86 |       0 |   0.0 |      12 |       0 |   0.0
        D:5 |     687 |     721 |  51.2 |      12 |      17 |  58.6
        D:6 |     570 |       0 |   0.0 |      12 |       0 |   0.0
        D:7 |     995 |       0 |   0.0 |      20 |       0 |   0.0
        D:8 |    1659 |     514 |  23.7 |      16 |       4 |  20.0
        D:9 |    3453 |       0 |   0.0 |      24 |       0 |   0.0
     Lair:1 |    2365 |     153 |   6.1 |       8 |       1 |  11.1
            +---------+---------+-------+---------+---------+-------
